Map: 2000 Atmospheres LE

Players

LiquidClem (Clem) - Winner!

  • Race: Terran Terran
  • League: Master

Vanya

  • Race: Zerg Zerg
  • League: Master

VOD

Have the link to the VOD?

Description

Time

  • Played on: Oct. 21, 2021, 7:52 a.m.
  • Length: 8:55
Show
View Real Time Build Order
Export as new Build Order

LiquidClem Terran - Winner!

Build Orders: Reaper Expand, Hellion Banshee 

Get SALT Encoding   

  12  0:00  SCV  
  13  0:12  SCV  
  14  0:16  Supply Depot  
  14  0:24  SCV  
  15  0:38  SCV  
  15  0:40  Barracks  
  15  0:42  Refinery  
  16  0:50  SCV  
  17  1:02  SCV  
  18  1:14  SCV  
  19  1:26  Reaper  
  19  1:27  Orbital Command  
  20  1:38  Command Center  
  20  1:46  Supply Depot  
  20  1:52  SCV  
  21  1:58  Marine  
  22  2:04  SCV  
  23  2:10  Factory  
  23  2:16  SCV  
  23  2:21  Barracks Reactor  
  24  2:28  SCV  
  25  2:38  Command Center  
  25  2:42  SCV  
  26  2:50  Orbital Command  
  26  2:54  SCV  
  26  2:57  Starport  
  27  3:05  Refinery  
  27  3:06  SCV  
  27  3:08  Hellion  
  30  3:14  Hellion  
  30  3:16  SCV  
  30  3:19  SCV  
  34  3:22  Barracks Tech Lab  
  34  3:29  SCV  
  34  3:30  Hellion  
  37  3:35  Hellion  
  37  3:36  SCV  
  37  3:41  SCV  
  41  3:48  SCV, Banshee  
  44  3:52  Orbital Command  
  44  3:54  SCV  
  44  3:55  Cloaking Field  
  45  3:57  Hellion  
  45  3:59  Hellion  
  45  4:01  SCV  
  50  4:04  Barracks Tech Lab  
  50  4:06  SCV  
  50  4:08  Supply Depot  
  51  4:13  SCV  
  52  4:19  Barracks  
  52  4:20  SCV  
  52  4:24  Barracks, SCV  
  54  4:26  SCV  
  54  4:27  Refinery  
  55  4:31  Supply Depot  
  55  4:32  Factory Reactor  
  55  4:34  Banshee  
  55  4:36  SCV  
  55  4:37  Marine  
  60  4:39  SCV  
  60  4:42  Refinery  
  61  4:45  Orbital Command  
  61  4:47  Stimpack  
  61  4:48  SCV  
  61  4:51  SCV  
  63  4:54  Supply Depot  
  63  4:55  Marine  
  64  5:01  Engineering Bay  
  64  5:02  SCV, Engineering Bay  
  64  5:04  SCV  
  66  5:13  Marine, Barracks  
  67  5:14  Barracks  
  67  5:20  Marine x2  
  67  5:21  Marine x2  
  70  5:22  SCV  
  70  5:25  Siege Tank  
  70  5:26  Starport Reactor  
  75  5:29  Terran Infantry Weapons Level 1, Supply Depot  
  75  5:31  Terran Infantry Armor Level 1  
  75  5:32  Marine  
  75  5:33  SCV  
  75  5:34  SCV  
  78  5:38  Supply Depot  
  78  5:40  SCV  
  79  5:42  Marine  
  79  5:43  Marine  
  79  5:45  SCV  
  79  5:47  Marine  
  81  5:53  Marine  
  81  5:55  Marine  
  78  5:57  SCV  
  78  6:00  Marine  
  78  6:02  Siege Tank  
  83  6:06  Marine  
  83  6:07  SCV  
  83  6:08  Supply Depot, SCV  
  86  6:13  Marine x2  
  86  6:15  Marine, Barracks Reactor x2  
  86  6:16  SCV  
  89  6:19  Marine, SCV  
  89  6:20  Medivac x2  
  89  6:24  SCV  
  89  6:25  Barracks  
  96  6:26  Barracks  
  96  6:28  Barracks, SCV  
  96  6:29  Supply Depot  
  96  6:30  Marine  
  96  6:31  Marine  
  96  6:32  Marine  
  100  6:33  SCV  
  100  6:34  Marine  
  100  6:36  Marine, SCV  
  100  6:39  Siege Tank  
  107  6:45  Armory  
  107  6:47  SCV x2  
  107  6:50  Marine x2, Supply Depot, SCV  
  107  6:52  Marine, Supply Depot  
  113  6:55  Marine  
  113  6:59  Marine x2, SCV  
  117  7:01  Combat Shield  
  117  7:06  Supply Depot  
  117  7:11  Marine x6  
  117  7:13  Marine  
  117  7:14  Marine x2  
  126  7:16  Marine  
  126  7:17  Marine  
  126  7:20  Marine  
  129  7:27  Siege Tank  
  129  7:29  Marine x4  
  136  7:30  Medivac, Supply Depot  
  136  7:31  Medivac, Supply Depot  
  136  7:34  Marine  
  136  7:35  Marine  
  139  7:40  SCV x3  
  138  7:45  Marine  
  138  7:46  Marine x2  
  138  7:47  Command Center  
  138  7:48  Marine  
  138  7:49  Marine  
  128  8:01  Marine  
  128  8:03  Marine  
  128  8:04  Marine x2  
  123  8:05  Marine  
  123  8:06  Marine x6  
  123  8:09  Medivac  
  123  8:11  Marine  
  133  8:16  Factory  
  133  8:18  Refinery  
  133  8:19  Marine  
  134  8:21  Marine  
  134  8:22  Marine x2  
  134  8:23  Supply Depot  
  139  8:33  Marine, SCV x2  
  142  8:37  Marine  
Show
View Real Time Build Order
Export as new Build Order

Vanya Zerg 

Build Orders: Hatch First 

Get SALT Encoding   

  12  0:00  Drone  
  13  0:12  Overlord  
  13  0:16  Drone  
  14  0:31  Drone x2  
  16  0:47  Hatchery  
  15  0:51  Drone  
  15  0:54  Drone  
  17  0:57  Drone  
  18  1:08  Extractor  
  17  1:13  Spawning Pool  
  17  1:16  Drone  
  17  1:19  Drone  
  18  1:28  Drone  
  19  1:38  Drone  
  20  1:49  Drone  
  21  1:59  Queen x2  
  21  2:00  Zergling x4  
  27  2:12  Metabolic Boost  
  27  2:18  Hatchery  
  26  2:24  Overlord  
  27  2:30  Drone  
  27  2:32  Drone  
  27  2:43  Drone, Queen  
  27  2:44  Drone  
  31  2:46  Drone  
  31  2:50  Overlord  
  32  2:53  Zergling x2  
  32  2:54  Zergling x2  
  32  2:57  Drone  
  35  3:10  Drone x2  
  37  3:13  Drone x2  
  37  3:17  Overlord  
  39  3:22  Drone x2, Queen  
  43  3:30  Queen  
  45  3:35  Drone x2  
  45  3:36  Drone x2  
  49  3:42  Drone x3  
  52  3:51  Overlord  
  52  3:52  Drone x3  
  55  4:01  Queen  
  57  4:03  Overlord  
  57  4:06  Overlord  
  57  4:09  Queen  
  57  4:12  Zergling x4  
  57  4:15  Drone x4  
  65  4:19  Extractor  
  65  4:24  Evolution Chamber x2  
  63  4:26  Drone x4  
  63  4:31  Drone  
  67  4:32  Drone  
  67  4:35  Drone x2  
  70  4:38  Drone x5  
  70  4:42  Overlord  
  75  4:48  Zergling x6  
  75  4:49  Zergling x2  
  79  4:53  Spore Crawler  
  79  4:54  Zerg Melee Weapons Level 1  
  79  4:55  Zerg Ground Armor Level 1  
  79  4:59  Spore Crawler  
  78  5:00  Spore Crawler  
  78  5:01  Spore Crawler  
  78  5:04  Drone x4  
  79  5:13  Drone, Lair  
  80  5:17  Extractor  
  80  5:20  Baneling Nest  
  78  5:25  Zergling x14  
  78  5:26  Zergling x2  
  77  5:35  Drone x4  
  81  5:44  Hatchery  
  81  5:45  Zergling x10  
  78  5:56  Zergling x16  
  77  6:08  Zergling x10  
  81  6:11  Centrifugal Hooks  
  81  6:13  Overseer  
  81  6:18  Drone x3  
  81  6:21  Drone  
  83  6:28  Drone x4  
  83  6:31  Extractor  
  86  6:33  Extractor  
  86  6:36  Drone x5  
  90  6:52  Overlord x5  
  90  6:57  Zergling x4  
  90  6:58  Baneling x5  
  92  7:03  Baneling x3  
  92  7:07  Drone x2  
  94  7:09  Queen  
  94  7:11  Drone  
  94  7:12  Zergling x14  
  94  7:14  Baneling  
  94  7:15  Baneling x3  
  104  7:24  Spore Crawler  
  104  7:25  Zergling x10  
  104  7:29  Zergling x2  
  116  7:30  Zergling x14  
  116  7:34  Baneling x7  
  116  7:37  Zergling x6  
  118  7:41  Zergling x10  
  109  7:48  Zergling x8  
  104  7:53  Zergling x2  
  95  7:59  Zergling x10  
  95  8:00  Zergling x6  
  95  8:02  Zergling x8  
  102  8:08  Queen  
  102  8:10  Zergling x6  
  102  8:11  Baneling x10  
  107  8:15  Baneling x7  
  107  8:20  Zergling x8  
  111  8:27  Overseer  
  111  8:30  Zergling x14  
  111  8:31  Zergling x2  
  115  8:36  Baneling x9  
  115  8:38  Zergling x2  
Tags
 
Add a new tag
Caveats
  • Supply blocks, unpowered buildings, or Contaminate may cause inaccurate times.
  • Supply counts are checked every 10 seconds.